[Event "*** Titled Tuesday Blitz"]
[Site "Chess.com"]
[Date "2019.11.05"]
[Round "8"]
[White "vlad_Sid"]
[Black "Niklas2304"]
[Result "0-1"]
[WhiteElo "2487"]
[BlackElo "2366"]
[TimeControl "180+2"]
[EndTime "14:56:51 PST"]
[Termination "Niklas2304 won by checkmate"]

1. e4 c5 2. Nf3 d6 3. d4 cxd4 4. Nxd4 Nf6 5. Nc3 a6 6. h3 e6 7.
g4 Be7 8. Bg2 Nfd7 9. O-O Nc6 10. Nde2 Qc7 11. b3 b5 12. Bb2 O-O 13. Qd2 Bb7 14.
Rac1 Rac8 15. Nd1 Bf6 16. Bxf6 Nxf6 17. Ne3 Rfd8 18. c4 bxc4 19. bxc4 Nd7 20. f4 Nc5 21. Ng3 Qa5 22. Qxa5 Nxa5 23. Rfd1 Kf8 24. Rd2 Ke7 25. Kf2 Rc7 26. Rcd1 Rcd7 27. Rd4 h6 28. h4 Nc6 29.
R4d2 g5 30. hxg5 hxg5 31. f5 Ne5 32. Rh1 Ncd3+ 33. Kf1 Nf4 34. Rh6 Rc7 35. fxe6 fxe6 36. Rh7+ Nf7 37. Rf2 Rh8 38. Rxh8 Nxh8 39. Bf3 Nhg6 40.
Ne2 Nd3 41. Rh2 Nh4 42. Bh1 Ne5 43. Ng2 Nxg4 44. Rh3 Nxg2 45. Rh7+ Kd8 46. Rh8+ Kd7 47. Rh7+ Kc6 48. Nd4+ Kb6 49. Rxc7 Kxc7 50. Bxg2 Ne3+ 51.
Kf2 Nxg2 52. Kxg2 Bxe4+ 53. Kg3 Bf5 54. Kf3 Kb6 55. Ke3 Kc5 56. Nf3 g4 57. Nd2 e5 58.
a3 Be6 59. Ne4+ Kc6 60. Nd2 d5 61. cxd5+ Bxd5 62. Kf2 Kc5 63. Kg3 Bf3 64. Nb3+ Kc4 65.
Na5+ Kb5 66. Nb3 e4 67. Nd4+ Ka4 68. Kf4 Kxa3 69. Nc6 Ka4 70. Na7 a5 71. Nc8 Kb3 72. Nb6 a4 73. Nd7 a3 74. Nc5+ Kb2 75. Na4+ Kb3 76. Nc5+ Kc2 77. Na6 a2 78. Nb4+ Kb1 79. Nxa2 Kxa2 80. Ke3 g3 81. Kd2 g2 82. Kc2 g1=Q 83.
Kd2 Qd1+ 84. Kc3 Qb3+ 85. Kd4 Qd3+ 86. Kc5 e3 87. Kb6 e2 88. Kc7 e1=Q 89. Kb6 Qb4+ 90. Ka7 Qda3# 0-1

[Event "*** Titled Tuesday Blitz"]
[Site "Chess.com"]
[Date "2019.11.05"]
[Round "8"]
[White "Astaneh"]
[Black "arminmusovic"]
[Result "1/2-1/2"]
[WhiteElo "2564"]
[BlackElo "2436"]
[TimeControl "180+2"]
[EndTime "14:57:03 PST"]
[Termination "Game drawn - insufficient material"]

1. e4 c6 2. d4 d5 3. exd5 cxd5 4. Bd3 Nc6 5. c3 Nf6 6. h3 g6 7. Nf3 Bg7 8. O-O O-O 9. Qc2 Re8 10. Re1 Nd7 11.
Bf4 e5 12. dxe5 Ndxe5 13. Nxe5 Bxe5 14. Bxe5 Nxe5 15. Na3 Bxh3 16. f4 Nxd3 17. Qxd3 Rxe1+ 18. Rxe1 Bf5 19. Qd4 Qb6 20. Qxb6 axb6 21. Re7 Ra7 22. Kf2 h5 23. Ke3 Kf8 24. Rc7 h4 25. Kf3 Ke8 26. Nb5 Rxa2 27. Nd6+ Kd8 28. Rxb7 Be4+ 29. Kg4 Rxb2 30.
Nxf7+ Ke8 31. Nd6+ Kf8 32. Kg5 Rf2 33. Rxb6 Ke7 34. Kxh4 Bxg2 35. Kg3 Rc2 36. f5 gxf5 37. Nxf5+ Kd7 38. Rb7+ Kd8 39. Kf4 d4 40. Nxd4 Rxc3 41.
Ne6+ Ke8 42. Rg7 Bd5 43. Nc7+ Kf8 44. Rd7 Bf7 45. Ke5 Rc6 46. Nd5 Re6+ 47. Kd4 Ra6 48. Ke5 Re6+ 49. Kd4 Rh6 50. Rd8+ Kg7 51. Ne3 Rh4+ 52.
Ke5 Ra4 53. Nf5+ Kh7 54. Kf6 Ra6+ 55. Ke7 Bg8 56. Nd6 Kg7 57. Rd7 Kg6 58. Rd8 Ra7+ 59. Kf8 Be6 60. Re8 Ba2 61. Re2 Kf6 62. Ne8+ Kg6 63.
Rg2+ Kf5 64. Nd6+ Kf4 65. Nb5 Ra8+ 66. Ke7 Bd5 67. Rd2 Bf3 68. Rd4+ Ke3 69. Rd6 Rh8 70. Re6+ Kf4 71. Rf6+ Ke3 72. Nd6 Ra8 73. Nf5+ Kd3 74. Rd6+ Kc3 75. Ng7 Be2 76. Ne6 Ra7+ 77. Kf6 Bc4 78. Nd4 Ra6 79. Rxa6 Bxa6 1/2-1/2

[Event "*** Titled Tuesday Blitz"]
[Site "Chess.com"]
[Date "2019.11.05"]
[Round "8"]
[White "TomasKapitanchuk"]
[Black "zim0ne"]
[Result "1-0"]
[WhiteElo "2521"]
[BlackElo "2616"]
[TimeControl "180+2"]
[EndTime "14:57:07 PST"]
[Termination "TomasKapitanchuk won by resignation"]

1. e4 e5 2. Nf3 Nc6 3. Bc4 Bc5 4.
c3 Nf6 5. d3 d6 6. a4 a6 7. O-O Ba7 8. Re1 O-O 9. h3 Ne7 10.
d4 Ng6 11. Nbd2 Re8 12. Bf1 c6 13. a5 Qc7 14. Qc2 Nh5 15. Nc4 Nhf4 16. Be3 Be6 17. dxe5 dxe5 18. Bxa7 Rxa7 19. Nb6 Nf8 20. Rad1 Nd7 21.
Nxd7 Bxd7 22. Bc4 h6 23. b4 Raa8 24. Nd2 Be6 25. Bxe6 Rxe6 26. Kh2 Rd8 27. Nc4 Rxd1 28. Rxd1 Rf6 29. g3 Ng6 30. Qe2 c5 31. Rd5 cxb4 32.
cxb4 Rc6 33. Nb6 Rc2 34. Qf3 Nf8 35. Kg2 Qe7 36. b5 axb5 37. Rxb5 Ra2 38. Nd5 Qd7 39. Rc5 Ne6 40. Qg4 Qd8 41. Rc8 Qxc8 42. Ne7+ Kf8 43. Nxc8 Rxa5 44. Nd6 Ra6 45. Nxb7 g6 46. Qe2 Rb6 47.
Na5 h5 48. h4 Kg7 49. Nc4 Rb5 50. Nd6 Rb6 51. Nc4 Rb5 52. Ne3 Nd4 53. Qd3 Rb3 54. Qc4 Rb5 55. Qc7 Ne6 56. Qd7 Rc5 57. Nd5 Rc2 58. Qe7 Rc8 59. Qf6+ Kh6 60. Ne7 Rf8 61. Nf5+ Kh7 62. Qe7 Kg8 63. Nd6 Kg7 64. Ne8+ Kg8 65. Nc7 Nxc7 66. Qxc7 Re8 67. Qd7 Re6 68.
Kf3 Kg7 69. Qc7 Kf6 70. Ke3 Ra6 71. Qd8+ Kg7 72. Qe7 Re6 73. Qc7 Kf6 74. f4 exf4+ 75. gxf4 Kg7 76. Kf3 Kf6 77. Qc3+ Ke7 78. f5 gxf5 79.
exf5 Rh6 80. Qe3+ 1-0

[Event "*** Titled Tuesday Blitz"]
[Site "Chess.com"]
[Date "2019.11.05"]
[Round "8"]
[White "MartinZumsande"]
[Black "Orest_Vovk"]
[Result "1-0"]
[WhiteElo "2580"]
[BlackElo "2423"]
[TimeControl "180+2"]
[EndTime "14:57:24 PST"]
[Termination "MartinZumsande won by checkmate"]

1. e4 Nc6 2. d4 e5 3. Nf3 Nxd4 4. Nxd4 exd4 5. Qxd4 Ne7 6. Bg5 Nc6 7. Qd2 Bb4 8. Bxd8 Bxd2+ 9. Nxd2 Nxd8 10. O-O-O d6 11. f4 Ne6 12. g3 O-O 13. Bg2 Nc5 14. Nc4 Bg4 15. Rd2 Rfe8 16. Re1 Rad8 17. h3 Be6 18. Na5 Bc8 19. b4 Na4 20. c4 Kf8 21.
Kc2 Nb6 22. Red1 Ke7 23. e5 dxe5 24. c5 Rxd2+ 25. Rxd2 Nd7 26. Nxb7 exf4 27. Re2+ Kf8 28. Rxe8+ Kxe8 29. gxf4 Bxb7 30. Bxb7 Nf6 31. Kd3 Ke7 32. a4 Nh5 33. Ke4 Ng3+ 34. Ke5 f6+ 35. Kd5 Ne2 36. Kc6 Kd8 37. Kb5 Nc3+ 38. Ka5 g5 39. fxg5 fxg5 40.
Bf3 Kc8 41. b5 Nb1 42. Be4 Nd2 43. Bxh7 Nf3 44. Bf5+ Kb8 45. Bg4 Ne5 46. Kb4 c6 47. Kc3 cxb5 48. axb5 Kc7 49. Kd4 Ng6 50. Kd5 Nf4+ 51.
Ke4 Ng2 52. Kf5 Ne1 53. Kxg5 Nd3 54. c6 a6 55. bxa6 Kxc6 56. h4 Nc5 57. Be2 Kb6 58. h5 Ne6+ 59. Kf5 Nd4+ 60. Kg4 Nxe2 61. h6 Nd4 62. h7 Kxa6 63. h8=Q Nc6 64. Qb2 Na5 65. Kf5 Nc6 66. Qc3 Kb5 67. Ke6 Nb4 68. Kd6 Na6 69. Qc6+ Ka5 70. Qb7 Nb4 71. Kc5 Nd3+ 72. Kc4 Ne5+ 73.
Kd4 Ng4 74. Qa7+ Kb4 75. Qd7 Nf2 76. Qb7+ Ka5 77. Kc4 Nd3 78. Qb5# 1-0

[Event "*** Titled Tuesday Blitz"]
[Site "Chess.com"]
[Date "2019.11.05"]
[Round "8"]
[White "liczner"]
[Black "RitvarsReimanis"]
[Result "1-0"]
[WhiteElo "2799"]
[BlackElo "2606"]
[TimeControl "180+2"]
[EndTime "14:57:43 PST"]
[Termination "liczner won on time"]

1. e4 c5 2. Nf3 Nc6 3. Nc3 d6 4. d4 cxd4 5. Nxd4 Nf6 6. Be2 e5 7. Nf3 Be6 8. Bg5 Be7 9. O-O O-O 10. Bxf6 gxf6 11. Nd5 f5 12. exf5 Bxf5 13. Qd2 Re8 14.
Rad1 Bf8 15. Rfe1 e4 16. Nd4 Nxd4 17. Qxd4 Bg7 18. Qb4 Bg6 19. Ne3 Bf8 20. g3 Rb8 21.
h4 Re5 22. Qd4 Qb6 23. Qxb6 axb6 24. Nc4 Rc5 25. c3 d5 26. Nxb6 Rd8 27. b4 Rxc3 28.
Nxd5 Rcc8 29. Ne3 Bxb4 30. Rxd8+ Rxd8 31. Rb1 Bc5 32. h5 Bxe3 33. hxg6 Bc5 34. gxf7+ Kxf7 35. Rxb7+ Kg6 36. a4 Rf8 37. Rb5 Bxf2+ 38. Kg2 Bd4 39. Bh5+ Kh6 40. Bg4 Rf2+ 41. Kh3 Ra2 42. Rh5+ Kg6 43.
Rd5 Rxa4 44. Bf5+ Kf6 45. Bxe4 h6 46. Rh5 Be3 47. Rf5+ Ke6 48. Bc2 Ra3 49. Rf3 Bc5 50. Bb3+ Ke5 51. Kg4 Ra6 52. Rf5+ Kd4 53. Rd5+ Kc3 54.
Rxc5+ Kxb3 55. Kh5 Kb4 56. Rc8 Ra3 57. Rg8 Kc5 58.
Kxh6 Kd6 59. g4 Ke6 60. Kg6 Ke7 61. g5 Rg3 62. Rg7+ Kf8 63. Rf7+ Kg8 64. Rb7 Kf8 65. Rb8+ Ke7 66. Kh6 Rh3+ 67. Kg7 Rg3 68. g6 Rg1 69. Kh7 Rh1+ 70. Kg8 Rg1 71. g7 Rg2 72. Rb4 Rg1 73. Re4+ Kf6 74. Rf4+ Ke7 75. Rf3 Rg2 76. Rh3 Kf6 77. Kf8 Ra2 78. Rf3+ 1-0

[Event "*** Titled Tuesday Blitz"]
[Site "Chess.com"]
[Date "2019.11.05"]
[Round "8"]
[White "kleinebeer98"]
[Black "SerGo055"]
[Result "0-1"]
[WhiteElo "2681"]
[BlackElo "2556"]
[TimeControl "180+2"]
[EndTime "14:57:44 PST"]
[Termination "SerGo055 won by resignation"]

1. e4 d5 2. exd5 Qxd5 3. Nc3 Qd8 4. g3 Nf6 5. Bg2 c6 6. b3 Bf5 7. Bb2 e6 8. Nf3 Be7 9. O-O O-O 10. d3 Nbd7 11.
Re1 a5 12. h3 h6 13. a3 Nd5 14. Ne4 Bh7 15. Qd2 Nc5 16. Rad1 Nf6 17. Nxf6+ Bxf6 18. Ne5 Qc7 19. Qe3 Qe7 20. Bd4 Nd7 21. Nxd7 Bxd4 22.
Qxd4 Rfd8 23. Qb6 Rxd7 24. b4 axb4 25. axb4 Bf5 26. Ra1 Rxa1 27. Rxa1 g5 28. Ra8+ Kg7 29. Rb8 h5 30. Qa5 Qd6 31. Qa8 Bh7 32. Rxb7 Rxb7 33. Qxb7 h4 34. Qxc6 Qxb4 35. gxh4 Qe1+ 36. Bf1 gxh4 37.
Qf3 Bf5 38. Kg2 Qc1 39. c4 Qg5+ 40. Kh2 Qd2 41. Kg1 Qg5+ 42. Qg2 Qxg2+ 43. Kxg2 Kf6 44. f4 Ke7 45. d4 Kd6 46. Kf3 f6 47. Ke3 e5 48.
c5+ Kc6 49. Bg2+ Kb5 50. c6 exd4+ 51. Kxd4 Kb6 52. Kd5 Kc7 53. Kc5 Be6 54. Bf1 Bf5 55.
Kd5 Bc8 56. Bg2 Bf5 57. Kd4 Kd6 58. Ke3 Be6 59. Kf2 Bf5 60. Ke1 Bd3 61. Bf3 Bb5 62.
Kf2 Bxc6 63. Bg4 Be4 64. Ke3 Bg2 65. Bf5 Bd5 66. Kd4 Be6 67. Ke4 Bd5+ 68. Kd4 Bg2 69. Bc8 Bf3 70. Ke3 Bd5 71. Ba6 Be6 72. Bf1 Bf5 73. Kf3 Kd5 74. Ba6 Bxh3 75. Bb7+ Kd6 76. Be4 Be6 77. f5 Bd5 78. Bxd5 Kxd5 79. Kg4 Ke4 80.
Kxh4 Kxf5 0-1

[Event "*** Titled Tuesday Blitz"]
[Site "Chess.com"]
[Date "2019.11.05"]
[Round "8"]
[White "enriquetejedor"]
[Black "adricalderon8"]
[Result "1/2-1/2"]
[WhiteElo "2497"]
[BlackElo "2365"]
[TimeControl "180+2"]
[EndTime "14:57:53 PST"]
[Termination "Game drawn by agreement"]

1. e4 d6 2. b3 e5 3. Bb2 Nc6 4. Nf3 Nf6 5. Nc3 Be7 6. d4 exd4 7. Nxd4 Nxd4 8. Qxd4 c6 9. O-O-O Qb6 10. Qxb6 axb6 11. h3 b5 12. Kb1 Be6 13. f3 O-O 14. Ne2 Nd7 15. Nf4 Nc5 16. Be2 Rfd8 17. Nxe6 fxe6 18.
c4 b4 19. h4 Bf6 20. Bxf6 gxf6 21. Rd2 Kf7 22. Rhd1 Ke7 23. g4 e5 24. h5 h6 25. Bf1 Ne6 26. Rd3 Nd4 27. Rxd4 exd4 28. Rxd4 Ra5 29. Be2 d5 30. exd5 cxd5 31. cxd5 Raxd5 32. Rxb4 R8d7 33. Re4+ Re5 34. Rxe5+ fxe5 35. Kc2 Kf6 36.
Bd3 Kg5 37. Be4 Kf4 38. a4 b6 39. b4 Ke3 40. Kb3 Kd4 41. a5 bxa5 42. bxa5 Kc5 43.
a6 Kb6 44. Bb7 Rd4 45. Kc3 Ra4 46. Kd3 Kc5 47. Ke3 Kd6 48. Kf2 Ke6 49. Kg3 Kf6 50. Kh4 Ra5 51. Kg3 Kg5 52. Bc8 Ra3 53. Bb7 Ra4 54. Kf2 Kf4 55. Ke2 e4 56. Bxe4 Rxa6 57. Kd3 Ra3+ 58. Kc4 Ra5 59. Kd4 Ra7 60. Kd5 Rd7+ 61.
Ke6 Ra7 62. Kf6 Ra6+ 63. Kg7 Kg5 64. Kf7 Rf6+ 65. Ke7 Ra6 66. Kd7 Rf6 67. Bc6 Rf4 68.
Kd6 Rf6+ 69. Kc5 Rf4 70. Bd5 Rf8 71. Kd6 Rf4 72. Ke5 Rf8 73. Bc6 Rf4 74. Be4 Rf8 75. Bf5 Re8+ 76. Be6 Rf8 77. Ke4 Re8 78. Ke5 Rf8 79.
Bd5 Rf6 80. Ke4 Rf4+ 81. Ke3 Rf6 82. Be4 Re6 83. Ke2 Kf4 84. Kd3 Rd6+ 85. Kc4 Rd8 86. Kc5 Rd2 87. Kc6 Rd8 88. Kc7 Rd4 89. Kc6 Rd2 90.
Bd5 Rd1 91. Kd6 Ra1 92. Ke6 Ra6+ 93. Kf7 Kg5 94. Be4 Rf6+ 95. Kg7 Rf4 96. Bc6 Rc4 97. Be4 Rc7+ 98. Kf8 Ra7 99. Ke8 Rg7 100. Kd8 Rf7 101. Ke8 Ra7 102. Kd8 Rf7 103. Ke8 1/2-1/2

[Event "*** Titled Tuesday Blitz"]
[Site "Chess.com"]
[Date "2019.11.05"]
[Round "8"]
[White "gorgeous1083"]
[Black "vanyakuba"]
[Result "0-1"]
[WhiteElo "1995"]
[BlackElo "2394"]
[TimeControl "180+2"]
[EndTime "14:58:13 PST"]
[Termination "vanyakuba won by resignation"]

1. e4 d5 2. exd5 Qxd5 3. d4 e5 4. dxe5 Qxd1+ 5. Kxd1 Nc6 6. f4 Bf5 7. Be3 O-O-O+ 8. Kc1 f6 9. Nf3 Nge7 10. exf6 Nd5 11. Bd2 gxf6 12. Bb5 Bc5 13. Re1 Rhg8 14. Nh4 Bd7 15.
Nc3 Ndb4 16. a3 Nxc2 17. Bxc6 Nxa1 18. Bd5 Rg4 19. g3 c6 20. Ba2 Kc7 21. f5 Re8 22.
Bf4+ Bd6 23. Bxd6+ Kxd6 24. Rxe8 Bxe8 25. Kb1 Rd4 26.
Kxa1 Bd7 27. Kb1 c5 28. Kc2 Ke7 29. Nd5+ Kd6 30. Nf4 b5 31. Kc3 Re4 32. Bb1 Re5 33. Bd3 a5 34. Nh5 b4+ 35. axb4 cxb4+ 36. Kc2 Ke7 37. h3 Rc5+ 38. Kd2 a4 39. g4 a3 40.
bxa3 bxa3 41. Bb1 Rb5 42. Kc2 Rb2+ 43. Kc1 Rh2 44. Nf3 Rxh3 45. Nd4 Rh1+ 46. Kc2 Rg1 47. Nf4 Rxg4 48. Nfe6 Bxe6 49. Nxe6 h5 50. Kb3 Rg3+ 51.
Ka2 h4 52. Be4 h3 53. Nf4 h2 54. Nh5 Rh3 55. Nf4 h1=Q 56. Bxh1 Rxh1 57. Kxa3 Rf1 58.
Nd5+ Kf7 59. Kb4 Rxf5 60. Ne3 Rf4+ 61. Kc3 Rf3 62. Kd4 Rf4+ 63. Kd3 Ra4 64. Ke2 Ke6 65. Kf3 f5 66. Ng2 Re4 67. Nf4+ Ke5 68. Ng6+ Kd4 69. Nf4 Ke5 70. Ng6+ Kf6 71. Nf4 Kg5 72. Nh3+ Kh4 73. Nf4 Ra4 74. Ng2+ Kg5 75. Ne3 Ra3 76. Kf2 f4 77. Ng2 Ra2+ 78. Kf3 Ra3+ 79. Kf2 Kg4 80. Ne1 Ra2+ 81. Kf1 Kg3 82. Nd3 Ra1+ 83. Ne1 Rxe1+ 84. Kxe1 Kg2 0-1

[Event "*** Titled Tuesday Blitz"]
[Site "Chess.com"]
[Date "2019.11.05"]
[Round "8"]
[White "WPWPWP-2015"]
[Black "MathiasWomacka"]
[Result "1-0"]
[WhiteElo "2478"]
[BlackElo "2310"]
[TimeControl "180+2"]
[EndTime "14:58:49 PST"]
[Termination "WPWPWP-2015 won by resignation"]

1. e4 c5 2. Nf3 d6 3. d4 cxd4 4. Nxd4 Nf6 5. Nc3 a6 6. h3 e5 7. Nde2 h5 8. Nd5 Nxd5 9. Qxd5 Nd7 10. Nc3 Nf6 11. Qd3 Be6 12. Bg5 Be7 13. O-O-O O-O 14. Kb1 Qa5 15. Bxf6 Bxf6 16. Nd5 Bg5 17. g3 Rfd8 18.
f4 exf4 19. gxf4 Bxd5 20. Qxd5 Qxd5 21. Rxd5 Bxf4 22. Rf5 Be5 23. Bc4 Rd7 24. Rhf1 Rf8 25. Rxh5 g6 26. Rg5 Kg7 27. c3 Rh8 28. Rf3 Rh4 29. Bd5 b6 30. Rg1 f6 31. Kc2 Rd8 32. Kd3 Rdh8 33. Be6 Rf4 34. Rxf4 Bxf4 35. Kc4 Rh5 36.
Bg4 Rc5+ 37. Kd3 Kh6 38. b4 Rc7 39. Rf1 Be5 40. c4 Kg5 41. Be6 Kh6 42. a4 a5 43.
bxa5 bxa5 44. Rb1 Rc5 45. Rb5 Kg5 46. Rb7 Kf4 47. Rg7 g5 48. Rb7 Kg3 49. Rb1 Kf2 50. Rb5 Kg3 51. Bf5 Kf2 52. Bg4 Bf4 53. Rb2+ Kg3 54.
Rb1 Be5 55. Rf1 Kg2 56. Rb1 Rc7 57. Bf5 Kg3 58. Rb5 Rc5 59. Rb1 Rc7 60. Rb3 Rc5 61. Be6 Kg2 62. Rb1 Rc7 63. Ke3 Bf4+ 64. Kd4 Be5+ 65.
Kd3 Rc5 66. Bg4 Kf2 67. Rc1 Rc7 68. Rb1 Rc5 69. Rb6 Kg3 70. Be6 Kf3 71. Rb7 Kg3 72. Rh7 Kf3 73. Rg7 Kf4 74. Rf7 Kg3 75. Ke3 Bf4+ 76.
Ke2 Be5 77. Rg7 Kf4 78. h4 Kxe4 79. h5 f5 80. Rxg5 f4 81. Bd5+ Kd4 82. h6 Rc7 83. Rh5 Re7 84. Kf3 Bh8 85. Kxf4 Re3 86. Rh4 Be5+ 87. Kf5+ Kc3 88. h7 Kb3 89. h8=Q Bxh8 90.
Rxh8 Kxa4 91. Rd8 Kb4 92. Rxd6 a4 93. Rb6+ Kc5 94. Rb5+ Kd4 95. Ra5 a3 96. Ra8 Rb3 97. Be6 Kc3 98. Ke5 Kb2 99. c5 Rc3 100. Kd6 Rd3+ 101. Bd5 Kb1 102. c6 a2 103. Rxa2 Rxd5+ 104. Kxd5 Kxa2 105. c7 1-0

[Event "*** Titled Tuesday Blitz"]
[Site "Chess.com"]
[Date "2019.11.05"]
[Round "8"]
[White "coolthing"]
[Black "RiskyDecision"]
[Result "0-1"]
[WhiteElo "2353"]
[BlackElo "2507"]
[TimeControl "180+2"]
[EndTime "14:59:02 PST"]
[Termination "RiskyDecision won by checkmate"]

1. b3 b6 2. Bb2 Bb7 3. Nf3 Nf6 4. e3 e6 5. Be2 c5 6. O-O Be7 7. d4 O-O 8. c4 cxd4 9. Nxd4 Nc6 10. Nc3 Ne5 11.
Rc1 a6 12. Na4 Qc7 13. h3 Rac8 14. Nc3 Ba8 15. f3 Ng6 16. Bd3 Nh5 17. Qe1 Bh4 18.
Qd2 Bg3 19. Nce2 Bh4 20. c5 bxc5 21. Bxa6 Bb7 22. Bd3 Qb6 23. Nb5 Ba6 24. a4 d5 25.
Ba3 Be7 26. Rc2 Ne5 27. Rfc1 Nf6 28. a5 Qb8 29. Bxc5 Nxd3 30. Bxe7 Nxc1 31. Rxc1 Qxb5 32. Nd4 Qb7 33. Bxf8 Kxf8 34. Rxc8+ Qxc8 35. Qb4+ Ke8 36. Qb6 Qb7 37. Qd6 Bb5 38. Nxb5 Qxb5 39. a6 Nd7 40. a7 Qb7 41. Qa3 Nb6 42. b4 Na8 43. Qa4+ Ke7 44. b5 f6 45. Qb4+ Ke8 46. Qa4 Kd7 47. b6+ Kd6 48. Qb4+ Kc6 49. Qa4+ Kxb6 50.
Qe8 Kxa7 51. Qxe6 Nb6 52. Qg8 h6 53. Qe6 Qc7 54. Qe8 Kb7 55. Qe6 Qd7 56. Qg8 Kc7 57.
Qh7 Nc4 58. Qd3 Kc6 59. e4 Qd6 60. Qd1 Ne5 61. Qa4+ Kc7 62. Qa7+ Kd8 63. Qa5+ Kd7 64. exd5 Nf7 65. Qa7+ Qc7 66. Qa4+ Kd6 67. Qf4+ Ne5 68.
Qe4 Qc5+ 69. Kh2 Qxd5 70. Qb4+ Ke6 71. Qb6+ Qd6 72. Qb3+ Ke7 73. Kg1 Nf7 74. Qb7+ Qd7 75. Qb4+ Nd6 76. Qd4 Kf7 77. Qd5+ Qe6 78. Qd4 Qe5 79.
Qa7+ Kg6 80. Qd7 Kh7 81. Qd8 h5 82. Qd7 Qd4+ 83. Kh2 h4 84. Qc6 Qf4+ 85. Kg1 Nf5 86. Qc2 Kg6 87. Qb1 Kg5 88. Qb5 Qe3+ 89. Kh2 Qe5+ 90. f4+ Qxf4+ 91. Kg1 Qe3+ 92. Kh1 Kg6 93. Qd7 Ng3+ 94. Kh2 Qf4 95. Kg1 Nf5 96. Qe8+ Kg5 97. Qf7 Qe3+ 98. Kh2 Qe5+ 99. Kh1 g6 100. Qb7 Qe1+ 101. Kh2 Qe5+ 102. Kh1 Ng3+ 103. Kh2 f5 104. Qb6 Nf1+ 105. Kh1 Qh2# 0-1

[Event "*** Titled Tuesday Blitz"]
[Site "Chess.com"]
[Date "2019.11.05"]
[Round "9"]
[White "Bishops83"]
[Black "Iyael"]
[Result "0-1"]
[WhiteElo "2235"]
[BlackElo "2106"]
[TimeControl "180+2"]
[EndTime "15:00:59 PST"]
[Termination "Iyael won by resignation"]

1. e4 c5 2. Nc3 Nc6 3. Bb5 e6 4. Bxc6 bxc6 5. f4 d5 6. e5 c4 7. Nf3 h5 8. O-O Nh6 9. d3 cxd3 10. cxd3 Nf5 11. Qe1 h4 12. Bd2 Qb6+ 13. Kh1 Ng3+ 0-1

[Event "*** Titled Tuesday Blitz"]
[Site "Chess.com"]
[Date "2019.11.05"]
[Round "9"]
[White "cherryandmint"]
[Black "olksuna"]
[Result "1-0"]
[WhiteElo "2820"]
[BlackElo "2601"]
[TimeControl "180+2"]
[EndTime "15:02:25 PST"]
[Termination "cherryandmint won by resignation"]

1. e4 c5 2. Nf3 Nc6 3. d4 cxd4 4. Nxd4 g6 5. c4 Bg7 6. Be3 Nf6 7. Nc3 Ng4 8. Qxg4 Nxd4 9. Qd1 e5 10. Bd3 d6 11. O-O O-O 12. Ne2 Nc6 13. Qd2 f5 14. exf5 gxf5 15. f4 e4 16. Bc2 Be6 17. b3 Bxa1 18.
Rxa1 d5 19. c5 d4 20. Nxd4 Nxd4 21. Bxd4 Qd5 22. Qe3 Rfd8 23. Qg3+ Kf8 24. Qg7+ Ke8 25. Rd1 Bg8 26. b4 b5 27. Bb3 1-0

[Event "*** Titled Tuesday Blitz"]
[Site "Chess.com"]
[Date "2019.11.05"]
[Round "9"]
[White "ehrenfeld"]
[Black "bubacik"]
[Result "0-1"]
[WhiteElo "2539"]
[BlackElo "2679"]
[TimeControl "180+2"]
[EndTime "15:02:28 PST"]
[Termination "bubacik won by resignation"]

1. e4 e5 2. Nc3 Nc6 3. Bc4 Nf6 4. d3 Na5 5. Nge2 Nxc4 6. dxc4 Bc5 7. Qd3 Ng4 8. Nd1 Qh4 9. g3 Qh3 10. Ne3 d6 11. Bd2 O-O 12. O-O-O Nxf2 0-1

[Event "*** Titled Tuesday Blitz"]
[Site "Chess.com"]
[Date "2019.11.05"]
[Round "9"]
[White "fidetrainerNET"]
[Black "Alexander_Moskalenko"]
[Result "0-1"]
[WhiteElo "2192"]
[BlackElo "2870"]
[TimeControl "180+2"]
[EndTime "15:02:39 PST"]
[Termination "Alexander_Moskalenko won by resignation"]

1. Nf3 g6 2. d4 Bg7 3. c4 Nf6 4. Nc3 O-O 5. e4 d6 6. Be2 e6 7. O-O Nc6 8. d5 Ne7 9. Nd4 e5 10. Nc2 Nd7 11. f4 exf4 12. Bxf4 h6 13. Qd2 g5 14. Bg3 Ng6 15. b4 a5 16. bxa5 Nc5 17.
Bd3 Rxa5 18. Nb5 b6 19. Nbd4 Nxd3 20. Qxd3 Ne5 21. Qc3 Rc5 22. Ne3 b5 23. Ndf5 Bxf5 24. Nxf5 Rxc4 25. Qb2 Nf3+ 26. Rxf3 Bxb2 27. Nxh6+ Kh7 28.
Nxf7 Bxa1 29. Nxd8 Bd4+ 30. Kf1 Rxd8 31. Rf7+ Kg6 0-1

[Event "*** Titled Tuesday Blitz"]
[Site "Chess.com"]
[Date "2019.11.05"]
[Round "9"]
[White "GHANDEEVAM2003"]
[Black "AndrBaryshpolets"]
[Result "0-1"]
[WhiteElo "2976"]
[BlackElo "2788"]
[TimeControl "180+2"]
[EndTime "15:04:05 PST"]
[Termination "AndrBaryshpolets won by resignation"]

1. b3 e5 2. Bb2 Nc6 3. e3 g6 4. f4 Bg7 5. Nf3 d6 6. Bb5 Ne7 7. fxe5 O-O 8. O-O Nxe5 9. Nc3 c6 10. Be2 Nxf3+ 11. Bxf3 d5 12. Na4 Bxb2 13. Nxb2 Qd6 14. d4 Nf5 15. Qd2 Nh4 16. Be2 Bd7 17. Rae1 Rae8 18.
Bd3 Bf5 19. Rf4 Bxd3 20. cxd3 Nf5 21. Nd1 Nxe3 22. Rf2 Ng4 23. Rxe8 Qxh2+ 0-1

[Event "*** Titled Tuesday Blitz"]
[Site "Chess.com"]
[Date "2019.11.05"]
[Round "9"]
[White "boasovietica"]
[Black "SHIVACalypso"]
[Result "1-0"]
[WhiteElo "2429"]
[BlackElo "2275"]
[TimeControl "180+2"]
[EndTime "15:04:05 PST"]
[Termination "boasovietica won by resignation"]

1. Nf3 Nf6 2. c4 g6 3. Nc3 Bg7 4. e4 d6 5. d4 O-O 6. Be2 Nbd7 7. Bg5 e5 8. d5 h6 9. Bh4 g5 10. Bg3 Nh5 11. O-O Nxg3 12. fxg3 a5 13. Nd2 Nc5 14. Bg4 Bxg4 15. Qxg4 Qc8 16. Rf5 c6 17. Raf1 cxd5 18.
Nxd5 Qe6 19. h4 f6 20. hxg5 fxg5 21. Nc7 Qe7 22. Nxa8 Rxa8 23. Qh5 Qe6 24. Rf7 Nd7 25. Nb1 Nf6 26. R1xf6 1-0

[Event "*** Titled Tuesday Blitz"]
[Site "Chess.com"]
[Date "2019.11.05"]
[Round "9"]
[White "adricalderon8"]
[Black "newauto"]
[Result "1-0"]
[WhiteElo "2366"]
[BlackElo "1930"]
[TimeControl "180+2"]
[EndTime "15:04:06 PST"]
[Termination "adricalderon8 won by checkmate"]

1. e4 c6 2. d4 d5 3. e5 Bf5 4. h4 h5 5. Bg5 Qb6 6. Bd3 Bxd3 7. Qxd3 Qxb2 8. e6 Qxa1 9. Qb3 b5 10. exf7+ Kxf7 11. Nf3 Nd7 12. O-O a5 13. Bd2 a4 14. Ng5+ Ke8 15. Qd3 Rh6 16. Re1 Qxa2 17. Ne6 Rxe6 18.
Rxe6 Qxb1+ 19. Re1 Qa2 20. Qg6+ Kd8 21. Qxc6 Rb8 22.
Ba5+ Ke8 23. Qg6# 1-0

[Event "*** Titled Tuesday Blitz"]
[Site "Chess.com"]
[Date "2019.11.05"]
[Round "9"]
[White "RiskyDecision"]
[Black "nitpicker"]
[Result "1-0"]
[WhiteElo "2512"]
[BlackElo "2318"]
[TimeControl "180+2"]
[EndTime "15:04:18 PST"]
[Termination "RiskyDecision won by resignation"]

1. d4 Nf6 2. c4 e6 3. g3 d5 4. Nf3 Bb4+ 5. Bd2 Be7 6. Bg2 O-O 7.
O-O c6 8. b3 b6 9. Qc2 Ba6 10. Rd1 Nbd7 11. Bc1 Rc8 12. Bb2 c5 13. Nc3 dxc4 14. d5 exd5 15. Nxd5 Nxd5 16. Rxd5 Qc7 17.
bxc4 Rcd8 18. Ng5 g6 19. Nxh7 Bb7 20. Qc3 f6 21. Nxf8 Bxd5 22. Nxd7 Bxg2 23. Nxf6+ Bxf6 24. Qxf6 Be4 25. Qh8+ 1-0

[Event "*** Titled Tuesday Blitz"]
[Site "Chess.com"]
[Date "2019.11.05"]
[Round "9"]
[White "Nazar-Nazar"]
[Black "Eloist"]
[Result "1-0"]
[WhiteElo "2495"]
[BlackElo "2288"]
[TimeControl "180+2"]
[EndTime "15:04:28 PST"]
[Termination "Nazar-Nazar won by resignation"]

1. d4 e6 2. Nf3 Nf6 3. c4 b6 4. g3 Bb7 5. Bg2 Be7 6. O-O O-O 7.
Nc3 Ne4 8. Bd2 f5 9. d5 Bf6 10. Rc1 Na6 11. Ne1 Nac5 12. Nd3 exd5 13. cxd5 Nxd3 14.
exd3 Nxd2 15. Qxd2 c6 16. d4 Re8 17. h3 Qe7 18. h4 Qd6 19. Qd3 g6 20. dxc6 dxc6 21.
Nb5 Qd7 22. Qc4+ Qf7 23. Qxf7+ Kxf7 24. Nd6+ 1-0

[Event "*** Titled Tuesday Blitz"]
[Site "Chess.com"]
[Date "2019.11.05"]
[Round "9"]
[White "justantan"]
[Black "Korchmar_Vasiliy"]
[Result "0-1"]
[WhiteElo "2842"]
[BlackElo "2736"]
[TimeControl "180+2"]
[EndTime "15:04:29 PST"]
[Termination "Korchmar_Vasiliy won by resignation"]

1. e4 c5 2. Nf3 d6 3. d4 cxd4 4.
Nxd4 Nf6 5. Nc3 Nc6 6. Bg5 e6 7.
Qd2 a6 8. O-O-O h6 9. Nxc6 bxc6 10. Bf4 d5 11. Qe3 Bb4 12. a3 Ba5 13. Be2 O-O 14.
e5 Nd7 15. h4 f6 16. exf6 Qxf6 17. Bd6 Bxc3 18. Qxc3 Qxc3 19. bxc3 Rxf2 20. Bf3 e5 21. Rhe1 a5 22. c4 Nb6 23. cxd5 Bf5 24. Rd2 Rxd2 25. Kxd2 Nc4+ 26. Kc3 Nxd6 27. Rxe5 c5 28. g4 Bd7 29. g5 hxg5 30. hxg5 Re8 31. Rxe8+ Bxe8 0-1

[Event "*** Titled Tuesday Blitz"]
[Site "Chess.com"]
[Date "2019.11.05"]
[Round "9"]
[White "Manukyan_Artak"]
[Black "Vojtap"]
[Result "0-1"]
[WhiteElo "2370"]
[BlackElo "2183"]
[TimeControl "180+2"]
[EndTime "15:04:34 PST"]
[Termination "Vojtap won by resignation"]

1. e4 c5 2. Nf3 d6 3. Bb5+ Bd7 4. Bxd7+ Qxd7 5. c4 Nf6 6. Nc3 g6 7. d4 cxd4 8. Nxd4 Bg7 9. f3 O-O 10. Be3 Rc8 11. b3 e6 12. Rc1 d5 13. cxd5 exd5 14. Nxd5 Rxc1 15. Nxf6+ Bxf6 16. Qxc1 Bxd4 17. Bxd4 Qxd4 18.
Qc8+ Kg7 19. Qxb7 Qa1+ 20. Kf2 Qxh1 21. Qxa8 Qxh2 22. Qxa7 Qe5 23. Qb7 Qc5+ 24. Kg3 Nc6 25. a4 Nd4 26. Kh2 Ne2 27. Qd5 Qg1+ 28. Kh3 Qh1+ 29.
Kg4 h5+ 0-1